 Dungeon Crawl Stone Soup version 0.30.0-29-ga12c61a403 (webtiles) character file.

Game seed: 10829730784986692729

36329 ChadusMaximus the Peltast (level 14, -2/116 HPs)
             Began as a Formicid Fighter on June 18, 2023.
             Was a High Priest of Okawaru.
             Slain by a ten-headed hydra (7 damage)
             ... on level 3 of the Lair of Beasts.
             The game lasted 00:23:26 (17874 turns).

ChadusMaximus the Peltast (Formicid Fighter)       Turns: 17874, Time: 00:23:27

Health: -2/116     AC: 18    Str: 25    XL:     14   Next: 23%
Magic:  17/18      EV:  9    Int:  9    God:    Okawaru [*****.]
Gold:   809        SH: 23    Dex: 13    Spells: 13/13 levels left

rFire   + . .        S - +4 battleaxe
rCold   + . .        W - +2 tower shield
rNeg    . . .        x - +0 plate armour
rPois   .            (helmet unavailable)
rElec   .            M - scarf {rC+ rF+}
rCorr   +            (no gloves)
SInv    +            (no boots)
Will    +....        (no amulet) Stlth
                     i - ring of resist corrosion
HPRegen 0.39/turn    m - +4 ring of slaying
MPRegen 0.16/turn

%: no passive effects
@: heroic
A: permanent stasis, dig shafts and tunnels, antennae 3, four strong arms
a: Dig, Shaft Self, Renounce Religion, Heroism, Finesse, Duel


You were on level 3 of the Lair of Beasts.
You worshipped Okawaru.
Okawaru was extremely pleased with you.
You visited 2 branches of the dungeon, and saw 16 of its levels.
You also visited: Ossuary.

You collected 926 gold pieces.
You spent 117 gold pieces at shops.

Inventory:

Hand Weapons
 a - a +0 war axe
 k - a +0 whip
 z - a +4 spear
 A - the +7 long sword of Spores {freeze, Str+3 SInv}
   (You found it on level 3 of the Dungeon)

   Str:       It affects your strength (+3).
   SInv:      It lets you see invisible.
 S - a +4 battleaxe (weapon)
Missiles
 N - a throwing net
 P - 2 boomerangs
 Q - 9 javelins (quivered)
Armour
 j - a +0 cloak
 x - a +0 plate armour (worn)
 M - a scarf of resistance (worn)
 W - a +2 tower shield (worn)
Jewellery
 b - an amulet of reflection
 i - a ring of resist corrosion (left hand)
 m - a +4 ring of slaying (right hand)
 L - a ring of wizardry
 R - a +4 ring of protection
 T - a ring of fire
 X - a ring of wizardry
Wands
 o - a wand of flame (9)
 w - a wand of quicksilver (31)
 y - a wand of iceblast (6)
 C - a wand of digging (6)
 K - a wand of mindburst (14)
 U - a wand of polymorph (6)
Scrolls
 c - a scroll of amnesia
 l - a scroll of fog
 n - 2 scrolls of noise
 u - 2 scrolls of torment
 v - 9 scrolls of teleportation
 B - 5 scrolls of vulnerability
 D - 2 scrolls of fear
 E - 3 scrolls of poison
 F - 2 scrolls of immolation
 O - a scroll of magic mapping {unknown}
 V - 2 scrolls of blinking {unknown}
Potions
 d - 4 potions of might
 e - 9 potions of curing
 f - 7 potions of mutation {unknown}
 h - 5 potions of magic {unknown}
 p - 5 potions of brilliance
 q - 6 potions of heal wounds {unknown}
 r - 7 potions of attraction {unknown}
 s - a potion of ambrosia {unknown}
 t - a potion of degeneration
 G - 2 potions of cancellation {unknown}
 H - a potion of resistance {unknown}
 I - 3 potions of flight
 J - a potion of haste {unknown}


   Skills:
 + Level 12.7(17.7) Fighting
 + Level 11.5(16.5) Axes
 - Level 5.6(10.6) Throwing
 + Level 12.7(17.7) Armour
 + Level 15.0(20.0) Shields
 - Level 5.7 Invocations


You had 13 spell levels left.
You didn't know any spells.
Your spell library contained the following spells:

 Spells                   Type           Power      Damage    Failure   Level
 Ensorcelled Hibernation  Hex/Ice        0%         N/A       99%         2
 Passwall                 Tmut/Erth      0%         N/A       99%         2
 Poisonous Vapours        Pois/Air       0%         N/A       99%         2
 Sublimation of Blood     Necr           0%         N/A       99%         2
 Wereblood                Tmut           0%         N/A       99%         2
 Dazzling Flash           Conj/Hex       0%         N/A       100%        3
 Mephitic Cloud           Conj/Pois/Air  0%         N/A       100%        3
 Dispel Undead            Necr           0%         3d6       100%        4
 Leda's Liquefaction      Hex/Erth       0%         N/A       100%        4
 Passage of Golubria      Tloc           0%         N/A       100%        4
 Petrify                  Tmut/Erth      0%         N/A       100%        4
 Agony                    Necr           0%         N/A       100%        5
 Freezing Cloud           Conj/Ice/Air   0%         6-21      100%        5
 Metabolic Englaciation   Hex/Ice        0%         N/A       100%        5
 Silence                  Hex/Air        0%         N/A       100%        5
 Yara's Violent Unravell  Hex/Tmut       0%         3d3       100%        5
 Statue Form              Tmut/Erth      0%         N/A       100%        6
 Discord                  Hex            0%         N/A       100%        8
 Swiftness                Air            Unusable   N/A       N/A         3
 Tukima's Dance           Hex            Unusable   N/A       N/A         3
 Summon Ice Beast         Ice/Summ       Unusable   N/A       N/A         4
 Summon Mana Viper        Hex/Summ       Unusable   N/A       N/A         5
 Monstrous Menagerie      Summ           Unusable   N/A       N/A         7
 Summon Hydra             Summ           Unusable   N/A       N/A         7

Dungeon Overview and Level Annotations

Branches:
Dungeon (12/15)            Temple (0/1) D:5            Lair (4/5) D:11
  Snake (0/4) Lair:2      Ossuary (visited)
  Swamp: Lair:2-3    Shoals: Lair:2-3     Slime: Lair:4-5       Orc: D:9-12

Altars:
Ashenzari
Dithmenos
Elyvilon
Hepliaklqana
Makhleb
Okawaru
Qazlal
Ru
Sif Muna
Uskayaw
Yredelemnul

Shops:
D:1 !   D:3 =   D:9 [

Annotations:
D:1 1 transporter
Lair:1 3 runed translucent doors, H0rd4k's ghost, journeyman HuAr; TwoHeadsTalk's ghost, journeyman GnWn; raetorn's ghost, journeyman GrEE; ripuliukko's ghost, journeyman DEEE
Lair:2 destino's ghost, journeyman MeFi


Innate Abilities, Weirdness & Mutations

You cannot be hasted, slowed, berserked, paralysed or teleported.
You can dig through walls and to a lower floor.
You have a pair of large antennae on your head. (SInv)
Your four strong arms can wield two-handed weapons with a shield.


Message History

You slice one of the nine-headed hydra's heads off!
The eight-headed hydra grows two more!
You slash the ten-headed hydra!
The ten-headed hydra is heavily wounded.
You slash the yak! You slice the yak!!
You kill the yak!
Okawaru accepts your kill. The ten-headed hydra bites you.
The ten-headed hydra bites you but does no damage.
You block the ten-headed hydra's attack. x2
The ten-headed hydra barely misses you. The ten-headed hydra bites you!
* * * LOW HITPOINT WARNING * * *
The ten-headed hydra bites you but does no damage.
The ten-headed hydra bites you!
* * * LOW HITPOINT WARNING * * *
You block the ten-headed hydra's attack.
The ten-headed hydra misses you.
Your base Shields skill increases to level 15!
Unknown command.
Are you sure you want to shaft yourself?
You block the yak's attack.
The ten-headed hydra bites you but does no damage.
You block the ten-headed hydra's attack. x2
The ten-headed hydra bites you but does no damage.
The ten-headed hydra bites you.
* * * LOW HITPOINT WARNING * * *
The ten-headed hydra bites you but does no damage.
The ten-headed hydra barely misses you.
The ten-headed hydra closely misses you.
The ten-headed hydra bites you!
* * * LOW HITPOINT WARNING * * *
You block the ten-headed hydra's attack.
You begin to dig a shaft.
You continue digging a shaft.
You block the yak's attack.
You block the ten-headed hydra's attack.
The ten-headed hydra barely misses you.
The ten-headed hydra closely misses you.
You block the ten-headed hydra's attack. x3
The ten-headed hydra bites you but does no damage. x2
The ten-headed hydra bites you!
You die...

#....#.#..#..#.#.
#..#...#..### #.#.
......#P...##### #.#
.........#.###.# #.#
.........##.#..##.##
.........?.......#.#
.........#######.#.#.#
.........#P..D.#...^#
........#.###@#.##....#
........#.+?#.Y.# ##.#
. #.###.#.# #P...P#.Y#
#######.#.# ...... ...
... ....Y..... ...>.
....


You could see a ten-headed hydra and 2 yaks.

Vanquished Creatures
  2 hydras
  A death knight (D:10)
  An alligator (Lair:1)
  3 two-headed ogres
  3 boulder beetles
  3 death yaks
  5 skeletal warriors
  A skyshark (Lair:3)
  A fire crab (Lair:1)
  A deep elf pyromancer (D:11)
  A necromancer (D:10)
  An ugly thing (D:12)
  2 manticores
  5 black mambas
  2 torpor snails
  2 elephants (Lair:1)
  Joseph (D:8)
  2 unseen horrors (D:11)
  6 cane toads
  2 rime drakes
  4 komodo dragons
  A troll (D:12)
  A polar bear (Lair:4)
  A hornet (D:8)
  2 blink frogs (Lair:3)
  4 slime creatures (D:11)
  2 wraiths
  28 yaks
  5 wyverns
  2 basilisks
  4 fire bats (D:8)
  An unseen horror simulacrum (D:10)
  7 nagas (Lair:2)
  2 acid dragons
  12 water moccasins
  A hell hound (D:8)
  3 orc warriors
  5 black bears
  A sky beast (D:8)
  A black mamba simulacrum (Lair:2)
  2 ice beasts
  3 ogres
  A wolf (Lair:1)
  6 centaurs
  A phantom (D:4)
  3 kobold brigands
  2 gnoll sergeants
  11 bullfrogs
  7 water moccasin zombies (Ossuary)
  4 scorpions
  11 wights
  3 killer bees (D:6)
  5 howler monkeys
  A crimson imp (D:7)
  3 jellies
  7 orc priests
  A gnoll bouda (D:6)
  3 hounds
  5 iguanas
  7 orc wizards
  6 hell rats (Lair:3)
  3 polar bear simulacra (D:10)
  5 wolf simulacra (D:10)
  2 yak simulacra (D:10)
  3 mummies
  23 gnolls
  An adder (D:3)
  A white imp (D:6)
  4 adder zombies (Ossuary)
  3 worms
  A dart slug (D:1)
  30 orcs
  4 endoplasms
  3 giant cockroaches
  4 gnoll zombies (Ossuary)
  4 goblins
  7 hobgoblins
  4 jackals
  2 quokkas (D:3)
  8 ball pythons
  5 bats
  4 frilled lizards
  5 hobgoblin zombies (Ossuary)
  26 kobolds
  4 kobold zombies (Ossuary)
  2 orc zombies (Ossuary)
  4 rats
  A river rat simulacrum (D:10)
  A spectral kobold (D:9)
  A butterfly (Lair:2)
389 creatures vanquished.

Vanquished Creatures (others)
  An orc wizard (D:6)
1 creature vanquished.

Grand Total: 390 creatures vanquished

Notes
Turn   | Place    | Note
-------+----------+-------------------------------------------
     0 | D:1      | ChadusMaximus the Formicid Fighter began the quest for the
                  | Orb.
     0 | D:1      | Reached XP level 1. HP: 18/18 MP: 1/1
   136 | D:1      | Found Uniav's Distillery.
   197 | D:1      | Reached XP level 2. HP: 24/24 MP: 2/2
   393 | D:1      | Reached XP level 3. HP: 29/29 MP: 3/3
  1717 | D:3      | Reached XP level 4. HP: 37/37 MP: 4/4
  1761 | D:3      | Found Jaukos's Jewellery Emporium.
  1888 | D:3      | Identified the +7 long sword of Spores {freeze, Str+3 SInv}
  1922 | D:3      | Reached skill level 5 in Shields
  1922 | D:3      | Reached XP level 5. HP: 20/42 MP: 5/5
  2240 | D:3      | Reached XP level 6. HP: 34/49 MP: 6/6
  2690 | D:4      | Found a hide-covered altar of Uskayaw.
  2802 | D:4      | Noticed an ice beast
  2808 | D:4      | Killed an ice beast
  2883 | D:4      | Reached XP level 7. HP: 46/55 MP: 7/7
  2979 | D:4      | Reached skill level 6 in Shields
  2980 | D:4      | Reached skill level 5 in Fighting
  2980 | D:4      | Reached skill level 5 in Armour
  3354 | D:4      | Found a white marble altar of Elyvilon.
  3625 | D:5      | Entered Level 5 of the Dungeon
  3709 | D:5      | Noticed a water moccasin
  3726 | D:5      | Killed a water moccasin
  3727 | D:5      | Reached XP level 8. HP: 24/64 MP: 8/8
  3987 | D:5      | Found a staircase to the Ecumenical Temple.
  3998 | D:5      | Reached skill level 7 in Shields
  3999 | D:5      | Found a sand-covered staircase.
  4005 | Ossuary  | Entered an ossuary
  4158 | Ossuary  | Reached skill level 5 in Axes
  4408 | Ossuary  | Got Sif Muna's Discourse on Profane Arts and Glamour
  4480 | D:5      | Reached XP level 9. HP: 60/71 MP: 9/9
  4885 | D:6      | Found a sacrificial altar of Ru.
  4885 | D:6      | Found a shadowy altar of Dithmenos.
  4892 | D:6      | Reached skill level 8 in Shields
  5364 | D:6      | Reached skill level 9 in Shields
  5919 | D:7      | Found a burning altar of Makhleb.
  6120 | D:7      | Reached XP level 10. HP: 56/77 MP: 10/10
  6195 | D:7      | Found an iron altar of Okawaru.
  6263 | D:7      | Became a worshipper of Warmaster Okawaru
  6332 | D:7      | Reached skill level 1 in Invocations
  6392 | D:7      | Found a broken altar of Ashenzari.
  6403 | D:7      | Found a basalt altar of Yredelemnul.
  6868 | D:7      | Identified the +1 chain mail of Resourcefulness {rCorr
                  | Int+3}
  6922 | D:7      | Found a shimmering blue altar of Sif Muna.
  7021 | D:7      | Reached * piety under Okawaru
  7306 | D:8      | Reached skill level 10 in Shields
  7674 | D:8      | Noticed Joseph
  7697 | D:8      | Killed Joseph
  7886 | D:8      | Reached skill level 5 in Invocations
  7889 | D:8      | Reached ** piety under Okawaru
  7900 | D:8      | You fall into a shaft and drop 1 floor!
  8607 | D:9      | Reached XP level 11. HP: 78/87 MP: 15/15
  8719 | D:9      | Found a stormy altar of Qazlal.
  8745 | D:9      | Reached skill level 1 in Throwing
  8763 | D:9      | Reached *** piety under Okawaru
  8983 | D:9      | Found a hazy altar of Hepliaklqana.
  9015 | D:9      | Reached skill level 11 in Shields
  9498 | D:9      | Found Mottetor's Antique Armour Boutique.
  9501 | D:9      | Bought a tower shield for 117 gold pieces
  9645 | D:10     | Entered Level 10 of the Dungeon
 10525 | D:10     | Noticed a necromancer
 10532 | D:10     | Killed a necromancer
 10693 | D:10     | Noticed a two-headed ogre
 10701 | D:10     | Killed a two-headed ogre
 10701 | D:10     | Reached **** piety under Okawaru
 10701 | D:10     | Received a gift from Okawaru
 10957 | D:10     | Noticed a manticore
 10959 | D:10     | Noticed a wolf spider
 10966 | D:10     | Noticed a white ugly thing
 10968 | D:10     | Noticed a death knight
 10970 | D:10     | Killed a manticore
 10971 | D:10     | Reached skill level 5 in Throwing
 11923 | D:10     | Killed a death knight
 12178 | D:10     | Noticed a six-headed hydra
 12185 | D:10     | You fall into a shaft and drop 2 floors!
 12395 | D:11     | Reached XP level 12. HP: 84/97 MP: 13/16
 12399 | D:11     | Received a gift from Okawaru
 12487 | D:11     | Reached skill level 10 in Fighting
 12497 | D:11     | Reached skill level 10 in Armour
 12510 | D:11     | Noticed a boulder beetle
 12516 | D:11     | Reached skill level 12 in Shields
 12540 | D:11     | Noticed a skeletal warrior
 12542 | D:11     | Noticed a skeletal warrior
 12546 | D:11     | Noticed a skeletal warrior
 12547 | D:11     | Noticed a skeletal warrior
 12551 | D:12     | Killed a skeletal warrior
 13076 | D:11     | Killed a skeletal warrior
 13091 | D:11     | Noticed a skeletal warrior
 13096 | D:11     | Killed a boulder beetle
 13104 | D:11     | Killed a skeletal warrior
 13104 | D:11     | Reached ***** piety under Okawaru
 13112 | D:11     | Killed a skeletal warrior
 13112 | D:11     | Received a gift from Okawaru
 13283 | D:11     | Killed a skeletal warrior
 13284 | D:11     | Reached skill level 13 in Shields
 13564 | D:10     | Killed a seven-headed hydra
 13565 | D:10     | Reached skill level 10 in Axes
 13565 | D:10     | Reached XP level 13. HP: 106/106 MP: 14/17
 13770 | D:11     | Found a staircase to the Lair.
 13812 | D:11     | Received a gift from Okawaru
 14116 | Lair:1   | Entered Level 1 of the Lair of Beasts
 14578 | Lair:1   | Received a gift from Okawaru
 14886 | Lair:1   | Found a runed translucent gate.
 14886 | Lair:1   | Found a runed translucent gate.
 14887 | Lair:1   | Found a runed translucent gate.
 14927 | Lair:1   | Reached skill level 14 in Shields
 14954 | Lair:1   | Noticed H0rd4k's ghost (journeyman HuAr)
 14954 | Lair:1   | Noticed TwoHeadsTalk's ghost (journeyman GnWn)
 14954 | Lair:1   | Noticed raetorn's ghost (journeyman GrEE)
 14954 | Lair:1   | Noticed ripuliukko's ghost (journeyman DEEE)
 16662 | Lair:2   | Found a runed translucent gate.
 16665 | Lair:2   | Found a runed translucent gate.
 16665 | Lair:2   | Found a runed translucent gate.
 16667 | Lair:2   | Noticed destino's ghost (journeyman MeFi)
 16676 | Lair:2   | Received a gift from Okawaru
 16687 | Lair:2   | Found a staircase to the Snake Pit.
 16881 | Lair:2   | You fall into a shaft and drop 2 floors!
 17107 | Lair:4   | Reached XP level 14. HP: 64/116 MP: 18/18
 17737 | Lair:3   | Received a gift from Okawaru
 17873 | Lair:3   | Reached skill level 15 in Shields
 17873 | Lair:3   | HP: 5/116 [ten-headed hydra (11)]
 17874 | Lair:3   | Slain by a ten-headed hydra

Illustrated notes

Levels and vault maps discovered:
D:1:      spicycebolla_arrival_risky_transporter, layout_loops_ring,
          serial_shops, shop, minivault_5, minmay_split_cup_large
D:2:      layout_loops_ring
D:3:      layout_loops_ring, serial_shops, nicolae_shop_real_fake_doors
D:4:      layout_loops_ring, mainiacjoe_overflow_surrounded_room,
          lemuel_doored_altar
D:5:      layout_loops_ring, minmay_temple_entry_crystal_x,
          gup_ossuary_entry_pyramid
D:6:      layout_rooms, chequers_temple_overflow_statue_of_worship
D:7:      layout_cave_pools, ashenzari_altar_1, mainiacjoe_overflow_brackets,
          led_sif_pool, mainiacjoe_overflow_alcove_4, makhleb_grotto_becter,
          kennysheep_donut
D:8:      layout_basic, hangedman_incinerator, uniq_joseph
D:9:      layout_basic, nicolae_hepliaklqana_monster_ancestors,
          grunt_qazlal_clouds, serial_shops, kennysheep_mini_moat
D:10:     minmay_blocky_corners, layout_layer_cave, eino_house_with_fridge
D:11:     layout_rooms, minmay_lair_entry_grove
D:12:     layout_irregular_city, orc_0_dummy, drop_trap
Lair:1:   layout_hall_layers, gammafunk_ghost_cemetery,
          nicolae_lair_lakeside_cave, serial_bayou_shore_b
Lair:2:   layout_hall_layers, minmay_snake_entry_guardpost_medium,
          gammafunk_ghost_necromancy, gauntlet_entry_generic,
          columned_hall_lemuel, chequers_serial_rivers_micro_c,
          lemuel_fruit_fields
Lair:3:   layout_roguey, elwin_shoals_entry_rocks, minmay_shattered_shrine,
          serial_bayou_shore_a
Lair:4:   layout_hall_layers, slime_entry_1, grunt_megastairs_1

Skill      XL: |  1  2  3  4  5  6  7  8  9 10 11 12 13 14 |
---------------+-------------------------------------------+-----
Fighting       | 4 5 6 7 8 9 11 12 | 12.7
Armour         | 4 5 6 7 8 9 11 12 | 12.7
Axes           | 3 4 5 6 7 8 10 11 | 11.5
Shields        | 5 6 7 9 10 11 13 14 15 | 15.0
Invocations    | 5 |  5.7
Throwing       | 5 |  5.6

Action                     |  1- 3 |  4- 6 |  7- 9 | 10-12 | 13-15 || total
---------------------------+-------+-------+-------+-------+-------++-------
  Melee: War axe           |    89 |    44 |       |       |       ||   133
         Long sword        |       |    55 |   279 |    68 |       ||   402
         Battleaxe         |       |       |       |   314 |   250 ||   564
  Throw: Boomerang         |       |       |       |    38 |     7 ||    45
         Javelin           |       |       |       |    19 |    12 ||    31
         Throwing net      |       |       |       |     1 |       ||     1
 Invoke: Heroism           |       |       |       |    14 |     6 ||    20
Ability: Shaft Self        |       |       |       |     2 |     2 ||     4
    Use: Scroll            |       |     1 |     6 |     7 |     5 ||    19
         Potion            |       |       |       |     1 |       ||     1
 Armour: Scale mail        |    30 |       |       |       |       ||    30
         Plate armour      |     8 |   105 |   210 |   221 |   115 ||   659
  Dodge: Dodged            |    31 |    51 |   110 |   139 |    70 ||   401
  Block: Buckler           |    31 |    47 |   118 |   107 |       ||   303
         Tower shield      |       |       |       |   246 |   352 ||   598
